Map: 세룰리안 폴 - 래더

Players

Ragnarok (SHIN)

  • Race: Zerg Zerg
  • League: Grandmaster
  • Spawn Location: 1:00

Stats - Winner!

  • Race: Protoss Protoss
  • League: Grandmaster
  • Spawn Location: 7:00

Event: IEM Season 13 - Katowice Server Qualifiers Asia 1

VOD

Have the link to the VOD?

Description

Time

  • Played on: Jan. 14, 2019, 4:19 a.m.
  • Length: 8:38

All games in this series

Show
View Real Time Build Order
Export as new Build Order

Ragnarok Zerg 

Build Orders: Hatch First, Swarm Host 

Get SALT Encoding   

  12  0:00  Drone  
  13  0:12  Overlord  
  13  0:17  Drone  
  14  0:30  Drone x2  
  16  0:49  Hatchery  
  15  0:52  Drone  
  15  0:55  Drone  
  17  0:59  Drone  
  18  1:10  Extractor  
  17  1:14  Spawning Pool  
  17  1:18  Drone  
  17  1:22  Drone  
  18  1:30  Drone  
  19  1:39  Drone  
  20  1:49  Overlord  
  20  2:01  Queen, Zergling x2  
  21  2:02  Queen  
  21  2:03  Zergling x2  
  26  2:11  Drone  
  26  2:13  Metabolic Boost  
  27  2:16  Drone  
  28  2:24  Drone x2  
  30  2:34  Drone x2  
  32  2:45  Hatchery  
  32  2:50  Queen  
  33  2:55  Overlord  
  33  3:00  Drone x2  
  35  3:13  Drone  
  35  3:14  Drone x2  
  35  3:15  Drone  
  35  3:16  Drone x3  
  42  3:24  Overlord  
  42  3:26  Queen  
  44  3:34  Overlord  
  44  3:36  Overlord  
  44  3:43  Drone x2  
  44  3:46  Spore Crawler  
  45  3:53  Drone  
  45  3:54  Drone x3  
  49  3:57  Drone x2  
  49  3:58  Drone  
  49  3:59  Queen, Drone  
  55  4:03  Spore Crawler  
  55  4:05  Drone x2  
  56  4:10  Spore Crawler, Drone  
  56  4:11  Drone  
  57  4:20  Drone  
  57  4:21  Drone x3  
  57  4:22  Overlord  
  61  4:25  Drone  
  61  4:27  Lair  
  62  4:33  Roach Warren  
  62  4:35  Extractor  
  62  4:36  Extractor, Drone  
  62  4:37  Drone x2  
  62  4:38  Drone  
  63  4:41  Overlord  
  63  4:47  Zergling x4  
  65  4:57  Zergling x2  
  65  4:58  Zergling x6  
  65  4:59  Zergling x2  
  69  5:00  Overlord  
  69  5:01  Zergling x4  
  69  5:02  Zergling x2  
  69  5:06  Drone x2  
  74  5:07  Overlord  
  74  5:10  Zergling x8  
  77  5:16  Extractor  
  77  5:19  Roach x3  
  82  5:22  Extractor  
  82  5:24  Roach  
  82  5:25  Glial Reconstitution  
  82  5:27  Roach x2  
  87  5:31  Roach x2  
  87  5:35  Roach x2  
  95  5:38  Overseer  
  95  5:40  Drone x2  
  97  5:47  Queen x2  
  93  5:50  Drone x2  
  93  5:55  Roach x2  
  97  5:58  Drone  
  97  6:01  Overlord  
  97  6:02  Drone  
  98  6:08  Drone x2  
  97  6:16  Overlord  
  97  6:17  Overlord  
  97  6:18  Infestation Pit  
  97  6:20  Drone x3  
  97  6:21  Drone  
  97  6:24  Extractor  
  99  6:26  Roach  
  99  6:27  Roach  
  99  6:32  Queen  
  103  6:33  Evolution Chamber  
  103  6:36  Drone x3  
  104  6:50  Drone x3  
  106  6:56  Overlord x4  
  106  7:15  Swarm Host  
  106  7:16  Swarm Host x8  
  106  7:21  Ravager x6  
  135  7:25  Roach  
  135  7:26  Roach  
  135  7:29  Roach  
  141  7:34  Roach x3  
  147  7:39  Overlord x2  
  147  7:47  Roach, Zergling x10  
  145  7:56  Roach x5  
  122  8:06  Roach x6  
  122  8:11  Roach, Zergling x6  
  115  8:17  Roach x3  
Show
View Real Time Build Order
Export as new Build Order

Stats Protoss - Winner!

Build Orders: 1 Gate Expand, Oracle Opening, Phoenix Opening, Zealot Archon, Archon Drop 

Get SALT Encoding   

  12  0:00  Probe  
  13  0:12  Probe  
  14  0:19  Pylon  
  14  0:25  Probe  
  15  0:33  Probe  
  15  0:41  Probe  
  16  0:44  Gateway  
  16  0:47  Assimilator  
  17  0:51  Probe  
  18  1:03  Probe  
  19  1:15  Probe  
  20  1:24  Nexus  
  20  1:35  Cybernetics Core  
  20  1:38  Probe  
  21  1:45  Assimilator  
  21  1:50  Probe  
  22  1:54  Pylon  
  22  2:02  Probe  
  22  2:04  Adept  
  23  2:15  Probe  
  26  2:19  Stargate  
  26  2:26  Probe  
  27  2:31  Warp Gate  
  27  2:33  Probe, Adept  
  27  2:34  Probe  
  30  2:41  Probe  
  30  2:42  Probe  
  31  2:51  Probe  
  33  2:53  Probe  
  33  2:56  Pylon  
  33  2:57  Phoenix  
  37  3:10  Probe x2  
  39  3:17  Oracle  
  39  3:21  Assimilator  
  39  3:22  Probe x2  
  44  3:30  Assimilator  
  44  3:34  Probe x2  
  46  3:38  Robotics Facility  
  46  3:46  Probe x2  
  48  3:50  Pylon  
  48  3:58  Probe x2, Twilight Council  
  50  4:10  Probe x2  
  50  4:14  Gateway x2  
  50  4:17  Warp Prism, Gateway  
  52  4:22  Probe x2  
  56  4:33  Adept  
  56  4:37  Templar Archives  
  58  4:45  Pylon  
  58  4:46  Observer  
  58  4:57  Nexus  
  58  4:59  Pylon  
  59  5:03  Pylon  
  59  5:06  Forge  
  59  5:11  Probe  
  59  5:12  Probe  
  61  5:15  High Templar x3  
  61  5:18  High Templar  
  61  5:19  Archon  
  69  5:22  Archon, Immortal  
  69  5:27  Probe  
  69  5:28  Probe  
  71  5:32  Pylon  
  75  5:48  Immortal  
  75  5:58  Zealot x4  
  75  6:01  Charge, Protoss Ground Weapons Level 1  
  87  6:06  Gateway  
  87  6:07  Gateway  
  87  6:18  Gateway  
  87  6:20  Gateway  
  87  6:27  Nexus  
  87  6:34  Sentry x3  
  93  6:55  Pylon  
  93  7:03  Immortal  
  93  7:04  Pylon  
  93  7:05  Pylon  
  97  7:21  Zealot  
  97  7:22  Zealot  
  101  7:26  High Templar x3  
  101  7:27  High Templar, Zealot x2  
  113  7:30  Archon x2  
  113  7:34  Probe x2  
  115  7:40  Probe  
  116  7:46  Probe x2  
  113  7:52  Zealot x4  
  111  8:03  Zealot x4  
  111  8:04  Zealot x4  
  114  8:11  Probe x2  
  114  8:12  Probe  
  112  8:23  Probe  
  112  8:24  Probe x2, High Templar x2, Zealot x4  
  112  8:25  Zealot  
  127  8:28  Archon  
  127  8:30  Zealot  

Tags
 
Add a new tag
Caveats
  • Supply blocks, unpowered buildings, or Contaminate may cause inaccurate times.
  • Supply counts are checked every 10 seconds.